 Dungeon Crawl Stone Soup version 0.18.1-48-g4cf74bf (webtiles) character file.

69 Galewin the Chopper (level 4, -1/58 HPs)
             Began as a Minotaur Berserker on July 31, 2016.
             Was a Believer of Trog.
             Slain by a white imp (2 damage)
             ... summoned by Natasha
             ... on level 2 of the Dungeon.
             The game lasted 00:01:38 (1025 turns).

Galewin the Chopper (Minotaur Berserker)            Turns: 1025, Time: 00:01:40

Health: -1/58      AC:  2    Str: 27    XL:     4   Next: 2%
Magic:  3/3        EV: 12    Int:  4    God:    Trog [**....]
Gold:   89         SH:  0    Dex: 10    Spells: 0 memorised, 3 levels left

rFire  . . .     SeeInvis .     a - +0 hand axe
rCold  . . .     Gourm    .     b - +0 animal skin
rNeg   . . .     Faith    .     (no shield)
rPois  .         Spirit   .     (helmet restricted)
rElec  .         Dismiss  .     (no cloak)
rCorr  .         Reflect  .     (no gloves)
SustAt .         Harm     .     (no boots)
MR     .....                    (no amulet)
Stlth  ..........               (no ring)
                                (no ring)

@: berserking, very quick, not resistant to hostile enchantments, extremely
unstealthy
A: retaliatory headbutt, horns 2
a: Berserk, Trog's Hand, Burn Spellbooks, Renounce Religion


You were on level 2 of the Dungeon.
You worshipped Trog.
Trog was pleased with you.
You were hungry.

You visited 1 branch of the dungeon, and saw 2 of its levels.

You collected 89 gold pieces.

Inventory:

Hand Weapons
 a - a +0 hand axe (weapon)
Armour
 b - a +0 animal skin (worn)
Wands
 m - a wand of confusion (19/48)
Scrolls
 g - a scroll of magic mapping {unknown}
 h - 2 scrolls of identify {unknown}
 i - 2 scrolls of enchant armour {unknown}
 k - a scroll of amnesia {unknown}
 n - a scroll of remove curse {unknown}
Potions
 d - a potion of flight {unknown}
 e - 3 potions of lignification {unknown}
 j - a potion of curing {unknown}
Comestibles
 c - 2 bread rations
 f - a beef jerky
 l - 9 chunks of flesh


   Skills:
 - Level 3.6 Fighting
 + Level 5.9 Axes
 - Level 2.4 Armour
 - Level 2.1 Dodging


You had 3 spell levels left.
You didn't know any spells.

Dungeon Overview and Level Annotations

Branches:
Dungeon (2/15)

Altars:

Annotations:
D:2 Natasha


Innate Abilities, Weirdness & Mutations

You reflexively headbutt those who attack you in melee.
You have a pair of horns on your head.


Message History

Natasha is lightly wounded.
Natasha claws you.
You closely miss Natasha. Your headbutt misses Natasha.
Natasha is lightly wounded.
You hit the white imp but do no damage.
Natasha mumbles some strange words.
You feel disoriented. Natasha claws you!
* * * LOW HITPOINT WARNING * * *
The white imp gestures at you. The puff of frost hits you!
* * * LOW HITPOINT WARNING * * *
A red film seems to cover your vision as you go berserk!
You feel yourself moving faster!
You feel mighty!
You are feeling hungry.
Natasha casts a spell at you. The magic dart hits you!
* * * LOW HITPOINT WARNING * * *
The white imp hits you.
You die...

....## .....#
.....#################
..............#......#
........#####........#
...####......##......##.
...#########............
...............$........
...#....########@.......
##..###........5h#.....#
###..... ......... ###.#
....... ........##
.....#. .........#
....###....##.....
......#.#.. .)...#
....#.........####
............)#####


You could see Natasha and a white imp.

Vanquished Creatures
  3 gnolls (D:2)
  An ooze (D:1)
  A giant gecko (D:1)
  A ball python (D:2)
  A giant cockroach (D:1)
  6 goblins
  8 hobgoblins
  3 bats
  2 giant newts
  6 kobolds
  3 rats (D:1)
35 creatures vanquished.

Notes
Turn   | Place    | Note
--------------------------------------------------------------
     0 | D:1      | Galewin the Minotaur Berserker began the quest for the Orb.
     0 | D:1      | Reached XP level 1. HP: 19/19 MP: 0/0
    50 | D:1      | Reached skill level 4 in Axes
   110 | D:1      | Reached XP level 2. HP: 18/26 MP: 1/1
   626 | D:1      | Reached ** piety under Trog
   626 | D:1      | Reached skill level 5 in Axes
   863 | D:2      | Reached XP level 3. HP: 27/31 MP: 2/2
   994 | D:2      | Reached XP level 4. HP: 29/39 MP: 3/3
  1020 | D:2      | Noticed Natasha
  1025 | D:2      | HP: 1/58 [Natasha/magic dart (5)]
  1025 | D:2      | Slain by a white imp

Skill      XL: |  1  2 |
---------------+-------+-----
Axes           | 4 5 |  5.9
Fighting       | |  3.6
Armour         | |  2.4
Dodging        | |  2.1

Action                   |  1- 3 |  4- 6 || total
-------------------------+-------+-------++-------
Melee: Hand axe          |    66 |     4 ||    70
       Headbutt          |    10 |       ||    10
Invok: Berserk           |     1 |     1 ||     2
  Eat: Chunk             |     1 |       ||     1
Armor: Animal skin       |    12 |       ||    12
Dodge: Dodged            |    48 |     1 ||    49
